 Dungeon Crawl Stone Soup version 0.31.0-10-gcf4a605ca0 (webtiles) character file.

Game seed: 13054326795145250403

23 Maffolandro the Cudgeller (level 3, 0/27 HPs)
             Began as a Human Wanderer on Jan 25, 2024.
             Slain by a hobgoblin (2 damage)
             ... on level 1 of the Dungeon.
             The game lasted 00:02:21 (324 turns).

Maffolandro the Cudgeller (Human Wanderer)           Turns: 324, Time: 00:02:22

Health: 0/27       AC:  4    Str: 20    XL:     3   Next: 0%
Magic:  3/3        EV: 10    Int:  9    God:
Gold:   23         SH:  6    Dex:  9    Spells: 2/2 levels left

rFire   . . .        a - +1 flail
rCold   . . .        g - +0 kite shield
rNeg    . . .        d - +0 leather armour
rPois   .            f - +0 helmet
rElec   .            (no cloak)
rCorr   .            (no gloves)
SInv    .            (no boots)
Will    .....        (no amulet)
Stlth   +            (no ring)
HPRegen 0.24/turn    (no ring)
MPRegen 0.08/turn

%: no passive effects
@: no status effects
A: explore regen
a: no special abilities


You were on level 1 of the Dungeon.
You visited 1 branch of the dungeon, and saw 1 of its levels.

You collected 23 gold pieces.

Inventory:

Hand Weapons
 a - a +1 flail (weapon)
Armour
 d - a +0 leather armour (worn)
 f - a +0 helmet (worn)
 g - a +0 kite shield (worn)
Scrolls
 b - 2 scrolls of teleportation
 e - a scroll of immolation {unknown}
 h - 3 scrolls of revelation {unknown}
 i - a scroll of poison {unknown}
 j - a scroll of vulnerability {unknown}
Potions
 c - a potion of curing


   Skills:
 + Level 2.2 Fighting
 * Level 4.7 Maces & Flails
 - Level 3.0 Dodging
 - Level 1.0 Stealth


You had 2 spell levels left.
You didn't know any spells.
Your spell library was empty.

Dungeon Overview and Level Annotations

Branches:
Dungeon (1/15)

Altars:


Innate Abilities, Weirdness & Mutations

You regain HP and MP as you explore.


Message History

A hobgoblin comes into view.
You see here a ball python corpse.
The gnoll attacks as it pursues you! The gnoll barely misses you.
The gnoll attacks as it pursues you!
The gnoll hits you from afar with a +0 spear.
The gnoll attacks as it pursues you! You block the gnoll's attack.
You block the gnoll's attack. The gnoll closely misses you.
The gnoll attacks as it pursues you! You block the gnoll's attack.
Things that are here:
a +0 club; a goblin skeleton You start waiting.
Something unseen opens the door.
The gnoll attacks as it pursues you!
The gnoll hits you from afar with a +0 spear.
The gnoll attacks as it pursues you! You block the gnoll's attack.
The gnoll attacks as it pursues you! The gnoll barely misses you.
The gnoll hits you with a +0 spear!
You hit the gnoll.
The gnoll is lightly wounded.
The gnoll hits you with a +0 spear!
* * * LOW HITPOINT WARNING * * *
You block the gnoll's attack.
You barely miss the gnoll.
The gnoll is lightly wounded.
The gnoll hits you with a +0 spear.
* * * LOW HITPOINT WARNING * * *
You completely miss the gnoll.
The gnoll is lightly wounded.
The gnoll closely misses you.
You thump the gnoll!
You kill the gnoll!
You have reached level 3!
Your experience leads to an increase in your attributes!
Increase (S)trength, (I)ntelligence, or (D)exterity?
You feel stronger. x2
You closely miss the hobgoblin. The hobgoblin closely misses you.
You barely miss the hobgoblin. The hobgoblin hits you.
* * * LOW HITPOINT WARNING * * *
You barely miss the hobgoblin. The hobgoblin hits you.
You die...

......#≈§§≈≈.....≈≈≈≈≈#
......#≈≈≈≈≈≈≈.≈≈§§≈≈§#
......########.########
.................#
.....####.##.....#
.....'.......g...#
.....#..###.#.÷#.#
#...#)....#...##g#
#.#.#.#...######@#
#.#.#....#### #.#
#.#.#####[..#....#
#.#....##.#.#.####
#...##....# #
###.##..### ..#.##....
#.#.###.#.# ..#.# ...#


You could see a hobgoblin.

Vanquished Creatures
  A gnoll (D:1)
  A dart slug (D:1)
  A ball python (D:1)
  An endoplasm (D:1)
  A goblin (D:1)
  A hobgoblin (D:1)
  2 quokkas (D:1)
  2 bats (D:1)
  A frilled lizard (D:1)
  A rat (D:1)
12 creatures vanquished.

Notes
Turn   | Place    | Note
-------+----------+-------------------------------------------
     0 | D:1      | Maffolandro the Human Wanderer began the quest for the Orb.
     0 | D:1      | Maffolandro set off with the following items: a +1 flail, a
                  | scroll of teleportation, a potion of curing, a +0 leather
                  | armour.
     0 | D:1      | Reached XP level 1. HP: 16/16 MP: 1/1
    90 | D:1      | Reached XP level 2. HP: 22/22 MP: 2/2
   322 | D:1      | Reached XP level 3. HP: 4/27 MP: 3/3
   323 | D:1      | HP: 1/27 [hobgoblin (3)]
   324 | D:1      | Slain by a hobgoblin

Illustrated notes

Levels and vault maps discovered:
D:1:      dpeg_arrival_shrine, layout_basic, minmay_vboxes

Action                     || total
---------------------------++-------
  Melee: Flail             ||    34
 Armour: Leather armour    ||    20
  Dodge: Dodged            ||    16
  Block: Kite shield       ||    10
